 Dungeon Crawl Stone Soup version 0.29.1-15-g9cfb28693d (webtiles) character file.

Game seed: 2998979603496264297

289 protoss039 the Digger (level 6, -13/46 HPs)
             Began as a Demonspawn Earth Elementalist on Mar 13, 2023.
             Mangled by Menkaure (19 damage)
             ... on level 4 of the Dungeon.
             The game lasted 00:03:18 (3317 turns).

protoss039 the Digger (DsEE)                        Turns: 3317, Time: 00:03:18

Health: -13/46     AC:  6    Str:  8    XL:     6   Next: 9%
Magic:  3/11       EV: 11    Int: 20    God:
Gold:   115        SH:  0    Dex: 14    Spells: 5/11 levels left

rFire   + . .      SeeInvis +   e - +0 short sword
rCold   . . .      Faith    .   (no shield)
rNeg    . . .      Spirit   .   m - +1 leather armour "Zahij" {+Blink rF+ Stlth-}
rPois   .          Reflect  .   (no helmet)
rElec   .          Harm     .   s - -1 cloak of Ketegu {Will- Int+2 SInv}
rCorr   .          Rampage  .   a - +0 pair of gloves
Will    .....                   r - +0 pair of boots
Stlth   +.........              (no amulet)
HPRegen 0.15/turn               (no ring)
MPRegen 0.12/turn               (no ring)

@: no status effects
A: demonic magic 1, demonic touch 2
a: Evoke Blink


You were on level 4 of the Dungeon.
You visited 1 branch of the dungeon, and saw 4 of its levels.

You collected 115 gold pieces.

Inventory:

Hand Weapons
 e - a +0 short sword (weapon)
Armour
 a - a +0 pair of gloves (worn)
 m - the +1 leather armour "Zahij" (worn) {+Blink rF+ Stlth-}
   (You found it on level 2 of the Dungeon)

   rF:        It protects you from fire.
   +Blink:    It lets you blink.
   Stlth:     It makes you less stealthy.
 r - a +0 pair of boots (worn)
 s - the -1 cloak of Ketegu (worn) {Will- Int+2 SInv}
   (You found it on level 3 of the Dungeon)

   Int:       It affects your intelligence (+2).
   SInv:      It lets you see invisible.
   Will:      It decreases your willpower.
Scrolls
 c - a scroll of blinking {unknown}
 d - a scroll of vulnerability {unknown}
 f - a scroll of fear {unknown}
 g - 2 scrolls of butterflies {unknown}
 k - a scroll of teleportation {unknown}
 l - 3 scrolls of identify {unknown}
 n - a scroll of poison {unknown}
 o - a scroll of noise {unknown}
 q - a scroll of enchant weapon {unknown}
Potions
 b - a potion of magic
 h - a potion of heal wounds {unknown}
 i - a potion of ambrosia {unknown}
 j - 2 potions of attraction {unknown}
 p - a potion of curing {unknown}
 t - 2 potions of berserk rage {unknown}


   Skills:
 + Level 2.7 Fighting
 + Level 1.7 Armour
 - Level 1.7 Dodging
 - Level 1.7 Stealth
 + Level 3.3 Spellcasting
 + Level 1.9 Conjurations
 - Level 0.8 Transmutations
 + Level 3.8 Earth Magic


You had 5 spell levels left.
You knew the following spells:

 Your Spells              Type           Power      Damage    Failure   Level
a - Sandblast             Erth           36%        2d10      4%          1
b - Passwall              Tmut/Erth      10%        N/A       11%         2
c - Stone Arrow           Conj/Erth      30%        3d8       17%         3

Your spell library contained the following spells:

 Spells                   Type           Power      Damage    Failure   Level
 Summon Guardian Golem    Hex/Summ       3%         N/A       50%         3
 Petrify                  Tmut/Erth      12%        N/A       58%         4
 Orb of Destruction       Conj           5%         9d5       100%        7
 Spellforged Servitor     Conj/Summ      3%         N/A       100%        7


Dungeon Overview and Level Annotations

Branches:
Dungeon (4/15) Zot: 20638
 Temple: D:4-7

Altars:

Annotations:
D:4 Menkaure, Pikel


Innate Abilities, Weirdness & Mutations

Spells you cast may paralyse adjacent enemies.
Your touch may inflict irresistible damage on your foes.


Message History

The lemure closely misses you. The lemure barely misses you.
Casting: Sandblast (safe; 4% risk of failure)
Confirm with . or Enter, or press ? or * to list all spells.
Aiming: Sandblast (safe; 4% risk of failure)
Press: ? - help, Shift-Dir - straight line, f/p - Eustachio
Aim: Eustachio, wielding a +0 rapier and wearing a +0 leather armour (severely wounded, 75% to hit)
The blast of sand hits Eustachio but does no damage.
Eustachio is severely wounded.
Malevolent energies surge around you.
The lemure suddenly stops moving!
The crimson imp suddenly stops moving!
Menkaure calls on the powers of darkness!
The black bear convulses!
Eustachio convulses!
Pikel convulses!
Your body is wracked with pain!
* * * LOW HITPOINT WARNING * * *
Eustachio hits you with a +0 rapier.
* * * LOW HITPOINT WARNING * * *
Pikel misses you. The lemure closely misses you.
Unknown command.
Casting: Sandblast (safe; 4% risk of failure)
Confirm with . or Enter, or press ? or * to list all spells.
Aiming: Sandblast (safe; 4% risk of failure)
Press: ? - help, Shift-Dir - straight line, f/p - Eustachio
Aim: Eustachio, wielding a +0 rapier and wearing a +0 leather armour (almost dead, 75% to hit)
The blast of sand hits Eustachio.
You kill Eustachio!
The iron imp disappears in a puff of smoke!
The crimson imp disappears in a puff of smoke!
Malevolent energies surge around you.
Pikel suddenly stops moving!
The lemure hits you but does no damage. Menkaure closely misses you.
The lemure misses you.
You have reached level 6!
Unknown command.
Casting: Sandblast (safe; 4% risk of failure)
Confirm with . or Enter, or press ? or * to list all spells.
Aiming: Sandblast (safe; 4% risk of failure)
Press: ? - help, Shift-Dir - straight line, f - lemure
Aim: a lemure (paralysed, 100% to hit)
The blast of sand hits the lemure but does no damage.
Malevolent energies surge around you. Menkaure hits you!!
You die...

(.....# ......#
.....#########
#....##......##
#....##.......#
.....#.......#########
.....#.......##......#
.....#...........5...#
.....##......##.@K5..#
.....##......##55M......
......#......#...h......
#....##......#..........
#....##......#..........
.....#.......#..........
.....#.......#.....>....
.....#.......#..........
.....#.......#


You could see Pikel (paralysed), a black bear, 4 lemures and Menkaure (fast).

Vanquished Creatures
  Eustachio (D:4)
  A scorpion (D:4)
  5 adders
  2 dart slugs (D:3)
  3 orcs
  3 endoplasms
  3 giant cockroaches
  6 hobgoblins
  10 kobolds
  4 quokkas
  6 ball pythons
  4 bats
  6 frilled lizards
  A goblin (D:4)
  4 rats (D:1)
59 creatures vanquished.

Notes
Turn   | Place    | Note
-------+----------+-------------------------------------------
     0 | D:1      | protoss039 the Demonspawn Earth Elementalist began the
                  | quest for the Orb.
     0 | D:1      | Reached XP level 1. HP: 13/13 MP: 3/3
   269 | D:1      | Gained mutation: Your touch may inflict minor irresistible
                  | damage on your foes. [demonic ancestry]
   269 | D:1      | Reached XP level 2. HP: 20/20 MP: 3/5
   689 | D:1      | Reached skill level 1 in Fighting
  1134 | D:1      | Learned a level 2 spell: Passwall
  1276 | D:2      | Gained mutation: Spells you cast may paralyse adjacent
                  | enemies. [demonic ancestry]
  1276 | D:2      | Reached XP level 3. HP: 24/26 MP: 2/6
  1353 | D:2      | Identified the +1 leather armour "Zahij" {+Blink rF+
                  | Stlth-}
  1467 | D:2      | Found a faded altar of an unknown god.
  2052 | D:2      | Learned a level 3 spell: Stone Arrow
  2355 | D:3      | Reached XP level 4. HP: 25/33 MP: 4/8
  2667 | D:3      | Noticed a sky beast
  2668 | D:3      | Noticed a sky beast
  2688 | D:3      | Identified the -1 cloak of Ketegu {Will- Int+2 SInv}
  3080 | D:4      | Reached skill level 1 in Conjurations
  3091 | D:4      | Noticed a scorpion
  3100 | D:4      | Killed a scorpion
  3101 | D:4      | Reached skill level 1 in Armour
  3101 | D:4      | Gained mutation: Your touch may inflict irresistible damage
                  | on your foes. [demonic ancestry]
  3101 | D:4      | Reached XP level 5. HP: 38/38 MP: 2/9
  3304 | D:4      | Noticed Eustachio
  3306 | D:4      | Noticed Pikel
  3306 | D:4      | Noticed a lemure
  3307 | D:4      | Noticed a lemure
  3309 | D:4      | Noticed a lemure
  3309 | D:4      | Noticed a lemure
  3310 | D:4      | Noticed Menkaure
  3311 | D:4      | Noticed a black bear
  3316 | D:4      | Killed Eustachio
  3317 | D:4      | Reached XP level 6. HP: 6/46 MP: 4/11
  3317 | D:4      | Mangled by Menkaure

Illustrated notes

Levels and vault maps discovered:
D:1:      lightli_arrival_statue_moat, layout_basic, lemuel_flame_loot_1
D:2:      layout_loops_ring, hellmonk_ecumenical_altar_blasted,
          kennysheep_generic_room_7
D:3:      layout_basic, lightli_corner_chamber
D:4:      layout_gridville, mainiacjoe_overflow_two_lobes, uniq_menkaure,
          uniq_pikel, uniq_eustachio

Skill      XL: |  1  2  3  4 |
---------------+-------------+-----
Fighting       | 1 2 |  2.7
Earth Magic    | 3 |  3.8
Conjurations   | 1 |  1.9
Armour         | 1 |  1.7
Spellcasting   | 3 |  3.3
Dodging        | |  1.7
Stealth        | |  1.7
Transmutations | |  0.8

Action                   |  1- 3 |  4- 6 || total
-------------------------+-------+-------++-------
Melee: Short sword       |    12 |    14 ||    26
       Touch             |     4 |     2 ||     6
 Cast: Sandblast         |    54 |    30 ||    84
 Stab: Paralysed         |     2 |     9 ||    11
Armor: Robe              |     4 |       ||     4
       Leather armour    |     8 |     5 ||    13
Dodge: Dodged            |    23 |    24 ||    47
